 Dungeon Crawl Stone Soup version 0.23.2-30-g0e89c35649 (webtiles) character file.

Game seed: 4137031902792399636

28 Darkins the Conjurer (level 3, -2/24 HPs)
             Began as a Human Conjurer on June 20, 2019.
             Killed from afar by a dart slug (4 damage)
             ... with a slug dart
             ... on level 2 of the Dungeon.
             The game lasted 00:03:55 (787 turns).

Darkins the Conjurer (Human Conjurer)                Turns: 787, Time: 00:03:56

Health: -2/24      AC:  2    Str:  8    XL:     3   Next: 27%
Magic:  1/6        EV: 12    Int: 16    God:
Gold:   80         SH:  0    Dex: 13    Spells: 5/6 levels left

rFire    . . .     SeeInvis .   b - +1 short sword
rCold    . . .     Gourm    .   (no shield)
rNeg     . . .     Faith    .   a - +0 robe
rPois    .         Spirit   .   (no helmet)
rElec    .         Reflect  .   (no cloak)
rCorr    .         Harm     .   (no gloves)
MR       .....     Rnd*Tele +   (no boots)
Stlth    ++........             (no amulet)
HPRegen  0.08/turn              f - ring of teleportation (curse)
MPRegen  0.10/turn              (no ring)

@: no status effects
A: no striking features
a: no special abilities


You were on level 2 of the Dungeon.
You were not hungry.

You visited 1 branch of the dungeon, and saw 2 of its levels.

You collected 80 gold pieces.

Inventory:

Hand Weapons
 b - a +1 short sword (weapon)
Armour
 a - a +0 robe (worn)
 g - a +0 leather armour
Jewellery
 f - a cursed ring of teleportation (left hand)
Scrolls
 j - a scroll of teleportation
Potions
 d - a potion of haste {unknown}
 e - a potion of might {unknown}
 h - a potion of flight {unknown}
 i - a potion of curing {unknown}
 k - a potion of resistance {unknown}
Comestibles
 c - 3 rations


   Skills:
 - Level 2.0 Dodging
 - Level 2.0 Stealth
 + Level 2.2 Spellcasting
 + Level 4.8 Conjurations


You had 5 spell levels left.
You knew the following spells:

 Your Spells              Type           Power        Failure   Level  Hunger
a - Magic Dart            Conj           ###.         2%          1    #......

Your spell library contained the following spells:

 Spells                   Type           Power        Failure   Level  Hunger
 Searing Ray              Conj           ###...       4%          2    ###....
 Dazzling Spray           Conj/Hex       #.....       22%         3    ###....
 Iskenderun's Mystic Bla  Conj           ###.....     28%         4    #####..
 Force Lance              Conj/Tloc      #.......     58%         4    #####..
 Fulminant Prism          Conj/Hex       #.........   58%         4    #####..


Dungeon Overview and Level Annotations

Branches:
Dungeon (1/15)

Altars:
Cheibriados
Dithmenos
Qazlal
Sif Muna
Yredelemnul
The Shining One


Message History

Aim: a dart slug (clinging)
The magic dart hits the dart slug.
The dart slug is severely wounded.
Casting: Magic Dart (safe; 2% risk of failure)
Confirm with . or Enter, or press ? or * to list all spells.
Aiming: Magic Dart (safe; 2% risk of failure)
Press: ? - help, Shift-Dir - straight line, f/p - dart slug
Aim: a dart slug (severely wounded, clinging)
The magic dart hits the dart slug.
The dart slug is almost dead.
The dart slug barely misses you. The dart slug launches a dart at you.
The slug dart hits you.
* * * LOW HITPOINT WARNING * * *
The dart slug launches a dart at you. The slug dart hits you.
* * * LOW HITPOINT WARNING * * *
The dart slug launches a dart at you. The slug dart hits you.
You die...

..............#######
._...................
..._...##.###g#######
#.......... #w#
#......##.#.#.#
#)..... #.#.#.#
......) #.# #.# #@#
#.# #.# ... #.. #...
#... #....


You could see a dart slug and a hobgoblin.

Vanquished Creatures
  An adder (D:2)
  2 dart slugs
  2 giant cockroaches
  2 goblins (D:1)
  3 hobgoblins
  A kobold (D:1)
  3 frilled lizards
14 creatures vanquished.

Notes
Turn   | Place    | Note
-------+----------+-------------------------------------------
     0 | D:1      | Darkins the Human Conjurer began the quest for the Orb.
     0 | D:1      | Reached XP level 1. HP: 13/13 MP: 3/3
   316 | D:1      | Reached XP level 2. HP: 11/19 MP: 0/5
   505 | D:1      | You fall through a shaft!
   641 | D:2      | Reached XP level 3. HP: 7/24 MP: 0/6
   768 | D:2      | Found a stormy altar of Qazlal.
   768 | D:2      | Found a snail-covered altar of Cheibriados.
   768 | D:2      | Found a basalt altar of Yredelemnul.
   768 | D:2      | Found a deep blue altar of Sif Muna.
   768 | D:2      | Found a shadowy altar of Dithmenos.
   768 | D:2      | Found a glowing golden altar of the Shining One.
   787 | D:2      | Killed from afar by a dart slug

Action                   || total
-------------------------++-------
Melee: Short sword       ||    28
 Cast: Magic Dart        ||    36
  Use: Scroll            ||     2
Armor: Robe              ||     6
Dodge: Dodged            ||    22
